 Dungeon Crawl Stone Soup version 0.23-a0-139-ga22e90c45f (webtiles) character file.

1034 PikkenKukken the Cutter (level 8, -2/49 HPs)
             Began as a Kobold Fighter on Aug 30, 2018.
             Killed from afar by a steam dragon (13 damage)
             ... with a ball of steam
             ... on level 5 of the Dungeon.
             The game lasted 00:08:55 (4490 turns).

PikkenKukken the Cutter (Kobold Fighter)            Turns: 4490, Time: 00:08:56

Health: -2/49      AC:  9    Str: 13    XL:     8   Next: 48%
Magic:  10/10      EV:  7    Int: 10    God:
Gold:   334        SH:  9    Dex: 16    Spells: 7/7 levels left

rFire    . . .     SeeInvis .   p - +2 dagger (venom)
rCold    . . .     Gourm    .   c - +0 shield
rNeg     . . .     Faith    .   s - +0 chain mail
rPois    +         Spirit   .   (no helmet)
rElec    .         Reflect  .   (no cloak)
rCorr    .         Harm     .   (no gloves)
MR       .....                  (no boots)
Stlth    ..........             o - amulet of the acrobat
HPRegen  0.16/turn              k - ring of poison resistance
MPRegen  0.12/turn              h - ring of stealth

@: no status effects
A: small, carnivore
a: no special abilities


You were on level 5 of the Dungeon.
You were completely stuffed.

You visited 1 branch of the dungeon, and saw 5 of its levels.

You collected 334 gold pieces.

Inventory:

Hand Weapons
 a - a +1 rapier
 p - a +2 dagger of venom (weapon)
Armour
 c - a +0 shield (worn)
 s - a +0 chain mail (worn)
Jewellery
 b - a cursed amulet of inaccuracy {unknown}
 h - a ring of stealth (right hand)
 j - an uncursed ring of fire
 k - a ring of poison resistance (left hand)
 l - an uncursed ring of ice
 o - an amulet of the acrobat (around neck)
Wands
 r - a wand of digging (13)
 t - a wand of random effects (27)
Scrolls
 e - 3 scrolls of enchant weapon
 m - 2 scrolls of identify
 q - a scroll of teleportation
Potions
 g - a potion of curing
 i - a potion of haste
 n - a potion of brilliance {unknown}
Comestibles
 f - 13 rations


   Skills:
 + Level 5.1 Fighting
 * Level 7.3 Short Blades
 + Level 3.8 Armour
 + Level 4.0 Dodging
 + Level 3.9 Shields
 + Level 2.7 Evocations


You had 7 spell levels left.
You didn't know any spells.
Your spell library contained the following spells:

 Spells                   Type           Power        Failure   Level  Hunger
 Confusing Touch          Hex            #.....       100%        1    ##.....
 Corona                   Hex            #......      100%        1    ##.....
 Ensorcelled Hibernation  Hex/Ice        #.....       100%        2    ###....
 Confuse                  Hex            #.......     100%        3    ####...
 Dazzling Spray           Conj/Hex       #.....       100%        3    ####...
 Gell's Gravitas          Tloc           #.........   100%        3    ####...
 Tukima's Dance           Hex            #.......     100%        3    ####...
 Petrify                  Tmut/Erth      #.......     100%        4    #####..
 Metabolic Englaciation   Hex/Ice        #.........   100%        5    ######.
 Yara's Violent Unravell  Hex/Tmut       #.........   100%        5    ######.


Dungeon Overview and Level Annotations

Branches:
Dungeon (5/15)             Temple (0/1) D:5

Altars:

Shops:
D:5 :}


Innate Abilities, Weirdness & Mutations

You are small and have problems with some larger weapons.
You are carnivorous and can eat meat at any time.


Message History

The ball of steam hits you!
Your chain mail prevents you from hitting the steam dragon.
The steam dragon is lightly wounded.
You are engulfed in a cloud of scalding steam.
The centaur wields a shortbow.
The centaur shoots an arrow.
The arrow completely misses you. You block the steam dragon's attack. x2
The centaur shoots an arrow.
The arrow hits you!
You see here an arrow.
The centaur shoots an arrow.
The arrow barely misses you.
Found 13 gold pieces.
The centaur shoots an arrow.
The arrow completely misses you. The steam dragon breathes steam at you.
The ball of steam misses you.
There is a staircase to the Ecumenical Temple here.
You are engulfed in a cloud of scalding steam.
The centaur shoots an arrow.
The arrow hits you.
* * * LOW HITPOINT WARNING * * *
The steam dragon breathes steam at you. The ball of steam hits you!
You die...

..#
##...........(........
..#
.....................
.##
#....?......(........ .#
# ##.##.##.##...........
.#
#.#.........#...........
.#
#............§....>....(
.#
#..c.D(⌠.(#...........
.#
#.#....§....#...........
.#
#......@................
.#
#.#....§...(#######..(..
.# #..⌠.§.⌠..# #..... .#
#......?......# #.....
.# #.#...§....(#.$
...... ## #
##.##.##.#### ##.... ..
... .# #.... ### ### ##
#.... #####


You could see a steam dragon and a centaur.

Vanquished Creatures
  Grinder (D:3)
  A hippogriff (D:4)
  An ice beast (D:5)
  A scorpion (D:5)
  A howler monkey (D:4)
  A hound (D:4)
  A centaur skeleton (D:4)
  3 iguanas
  Ijyb (D:3)
  2 orc wizards
  2 worker ants (D:4)
  A howler monkey zombie (D:5)
  5 gnolls
  6 adders
  2 worms
  2 dart slugs
  6 leopard geckos
  9 orcs
  A ball python (D:1)
  4 giant cockroaches
  8 goblins
  7 hobgoblins
  7 jackals
  7 kobolds
  A quokka (D:4)
  3 bats
  11 frilled lizards
  A quokka skeleton (D:5)
  2 quokka zombies
  8 rats
106 creatures vanquished.

Notes
Turn   | Place    | Note
-------+----------+-------------------------------------------
     0 | D:1      | PikkenKukken the Kobold Fighter began the quest for the
                  | Orb.
     0 | D:1      | Reached XP level 1. HP: 14/14 MP: 1/1
    75 | D:1      | Reached skill level 3 in Short Blades
    76 | D:1      | Reached XP level 2. HP: 8/19 MP: 2/2
   585 | D:1      | Reached XP level 3. HP: 23/23 MP: 3/3
   829 | D:1      | Reached skill level 1 in Dodging
  1371 | D:2      | Reached XP level 4. HP: 28/29 MP: 4/4
  1378 | D:2      | Reached skill level 4 in Short Blades
  2008 | D:2      | Reached XP level 5. HP: 33/33 MP: 5/5
  2731 | D:3      | Noticed Ijyb
  2744 | D:3      | Killed Ijyb
  2765 | D:3      | Noticed Grinder
  2771 | D:3      | HP: 1/33 [Grinder (6)]
  2779 | D:3      | Killed Grinder
  2779 | D:3      | Reached skill level 5 in Short Blades
  2779 | D:3      | Reached XP level 6. HP: 39/39 MP: 6/6
  3038 | D:4      | Reached XP level 7. HP: 34/44 MP: 7/7
  3204 | D:4      | Reached skill level 6 in Short Blades
  3204 | D:4      | Reached skill level 1 in Evocations
  3742 | D:4      | Noticed a hippogriff
  3755 | D:4      | Killed a hippogriff
  3755 | D:4      | Reached XP level 8. HP: 41/48 MP: 9/9
  3813 | D:5      | Entered Level 5 of the Dungeon
  3932 | D:5      | Reached skill level 5 in Fighting
  3932 | D:5      | Reached skill level 7 in Short Blades
  4014 | D:5      | Found Etiliuju's Book Boutique.
  4451 | D:5      | Found Roemoss's Gadget Boutique.
  4474 | D:5      | Found a staircase to the Ecumenical Temple.
  4490 | D:5      | Killed from afar by a steam dragon

Vault maps used:
D:1:      sevenhm_arrival_forest_fort_small_5, st_stairs_2,
          minmay_misc_feat_ornament, minmay_misc_feat_encased
D:2:      minivault_4
D:3:      serial_undead, serial_undead_c, serial_undead_c, serial_undead_c,
          serial_undead_f, uniq_grinder, uniq_ijyb
D:4:      cheibrodos_old_hovel, first_ration
D:5:      minmay_temple_entry_large_hall, serial_shops,
          nicolae_shop_behind_doors, nicolae_shop_behind_doors, shop

Skill      XL: |  1  2  3  4  5  6  7  8 |
---------------+-------------------------+-----
Short Blades   | 3 4 5 6 7 |  7.3
Dodging        | 1 2 3 4 |  4.0
Fighting       | 4 5 |  5.1
Shields        | 3 |  3.9
Armour         | 3 |  3.8
Evocations     | 2 |  2.7

Action                   |  1- 3 |  4- 6 |  7- 9 || total
-------------------------+-------+-------+-------++-------
Melee: Rapier            |   112 |    45 |       ||   157
       Dagger            |       |   103 |   179 ||   282
Evoke: Wand              |       |       |     1 ||     1
  Use: Scroll            |     4 |     3 |     4 ||    11
       Potion            |       |     3 |       ||     3
 Stab: Sleeping          |       |       |     1 ||     1
  Eat: Chunk             |     9 |     6 |     5 ||    20
Armor: Scale mail        |    30 |    31 |    27 ||    88
       Chain mail        |       |       |     4 ||     4
Dodge: Dodged            |    36 |    29 |    59 ||   124
Block: Shield            |    50 |    51 |    62 ||   163

Table legend:
 A = Non-vault XP
 B = Vault XP
 C = Vault XP percentage of total XP
 D = Non-vault monster count
 E = Vault monster count
 F = Vault count percentage of total count
                 A         B        C        D         E       F
            +---------+---------+-------+---------+---------+-------
      Total |    1157 |     321 |  21.7 |     101 |       5 |   4.7
            +---------+---------+-------+---------+---------+-------
        D:1 |      43 |       7 |  14.0 |      28 |       2 |   6.7
        D:2 |      93 |       0 |   0.0 |      18 |       0 |   0.0
        D:3 |      39 |     314 |  89.0 |      14 |       3 |  17.6
        D:4 |     618 |       0 |   0.0 |      25 |       0 |   0.0
        D:5 |     364 |       0 |   0.0 |      16 |       0 |   0.0
            +---------+---------+-------+---------+---------+-------
